 Dungeon Crawl Stone Soup version 0.30.0-10-gfe55d96785 (webtiles) character file.

Game seed: 7906874925688913306

112 Jackthecabe the Sneak (level 4, -3/23 HPs)
             Began as a Vine Stalker Brigand on May 16, 2023.
             Slain by a scorpion (4 damage)
             ... on level 4 of the Dungeon.
             The game lasted 00:03:54 (2344 turns).

Jackthecabe the Sneak (Vine Stalker Brigand)        Turns: 2344, Time: 00:03:56

Health: -3/23      AC:  5    Str: 13    XL:     4   Next: 93%
Magic:  0/5        EV: 11    Int: 11    God:
Gold:   141        SH:  0    Dex: 18    Spells: 3/3 levels left

rFire   . . .        f - +1 dagger (vamp)
rCold   . . .        (no shield)
rNeg    . . .        p - +0 leather armour
rPois   +            (no helmet)
rElec   .            c - +0 cloak
rCorr   .            (no gloves)
SInv    .            m - +0 pair of boots
Will    .....        (no amulet)
Stlth   +++          P - ring of poison resistance
HPRegen 1.03/turn    (no ring)
MPRegen 0.09/turn

%: guardian spirit
@: lethally poisoned (-3 -> -3)
A: fangs 2, regeneration 1, magic shield, antimagic bite, no potion heal 2
a: no special abilities


You were on level 4 of the Dungeon.
You visited 1 branch of the dungeon, and saw 4 of its levels.

You collected 141 gold pieces.


Innate Abilities, Weirdness & Mutations

You have extremely sharp teeth.
Your natural rate of healing is unusually fast.
When hurt, damage is shared between your health and your magic reserves.
Your bite disrupts and absorbs the magic of your enemies.
Potions cannot restore your health.


   Skills:
 + Level 2.9 Fighting
 + Level 2.9 Short Blades
 - Level 1.7 Throwing
 - Level 0.7 Dodging
 + Level 5.9 Stealth


You had 3 spell levels left.
You didn't know any spells.
Your spell library contained the following spells:

 Spells                   Type           Power      Damage    Failure   Level
 Shock                    Conj/Air       0%         1d3       41%         1
 Swiftness                Air            0%         N/A       80%         3
 Airstrike                Air            0%         2d(0-16)  99%         4

Inventory:

Hand Weapons
 a - a +2 dagger
 f - a +1 vampiric dagger (weapon)
Missiles
 d - 9 poisoned darts (quivered)
 e - 2 curare-tipped darts {=f}
Armour
 b - a +0 robe
 c - a +0 cloak (worn)
 m - a +0 pair of boots (worn)
 p - a +0 leather armour (worn)
Magical Staves
 h - a staff of fire {!a}
 n - a staff of death {!a}
Jewellery
 P - a ring of poison resistance (left hand)
Wands
 v - a wand of polymorph (13)
Scrolls
 i - a scroll of fog {unknown}
 j - a scroll of magic mapping {unknown}
 l - 2 scrolls of enchant weapon {unknown}
 o - a scroll of amnesia {unknown}
 q - 2 scrolls of identify {unknown}
 s - 2 scrolls of teleportation {unknown}
 t - a scroll of noise {unknown}
Potions
 g - a potion of might {unknown}
 k - 3 potions of curing {unknown}
 r - a potion of brilliance {unknown}
 u - a potion of heal wounds {unknown}

Dungeon Overview and Level Annotations

Branches:
Dungeon (4/15)
 Temple: D:4-7

Altars:
Dithmenos
Fedhas

Annotations:
D:1 1 transporter
D:2 1 runed translucent door, Crazy Yiuf

######... ####....
....#.... ........
......... ........
..$....###........
#................
>................
#..†..#....... .
#.@....!......
....#.s.....$.....
...................
##...#.............
#...#.....##......
### #.............
#####....###..
....... .. )......


You could see a scorpion.


Message History

You hit the scorpion.
You feel better.
The scorpion is severely wounded.
You feel sick. The scorpion barely misses you.
You hit the scorpion.
The scorpion is almost dead.
You feel sick. The scorpion stings you.
* * * LOW HITPOINT WARNING * * *
You closely miss the scorpion.
The scorpion is almost dead.
You feel sick. The scorpion stings you.
* * * LOW HITPOINT WARNING * * *
Unknown command.
You barely miss the scorpion.
The scorpion is almost dead.
You feel sick. The scorpion stings you.
* * * LOW HITPOINT WARNING * * *
Unknown command.
Okay, then.
Okay, then.
Aiming: Polymorph
Press: ? - help, Shift-Dir - straight line, f - scorpion
Aim: a scorpion (severely wounded, will become a wolf, a fire bat, or a killer bee, chance to affect: 49%)
Okay, then.
Throw: 3 darts (curare) {=f}
Press: ? - help, Shift-Dir - straight line, f - scorpion
Aim: a scorpion (severely wounded, 62% to hit)
You throw a curare-tipped dart {=f}.
The curare-tipped dart {=f} closely misses the scorpion.
You feel sick. The scorpion stings you.
You die...

Skill      XL: |  1 |
---------------+----+-----
Fighting       | 2 |  2.9
Stealth        | 5 |  5.9
Short Blades   | 2 |  2.9
Throwing       | |  1.7
Dodging        | |  0.7

Action                     |  1- 3 |  4- 6 || total
---------------------------+-------+-------++-------
  Melee: Dagger            |   130 |    59 ||   189
         Bite              |    21 |    15 ||    36
         Punch             |     2 |       ||     2
  Throw: Dart              |       |     1 ||     1
   Stab: Sleeping          |    15 |     6 ||    21
 Armour: Robe              |    18 |       ||    18
         Leather armour    |     8 |    14 ||    22
  Dodge: Dodged            |    69 |    31 ||   100

Levels and vault maps discovered:
D:1:      spicycebolla_arrival_risky_transporter, layout_rooms, moated_statue,
          nicolae_titane
D:2:      layout_basic, uniq_crazy_yiuf_cottage
D:3:      layout_basic, mainiacjoe_overflow_catwalk_spiral, minmay_statues_item,
          small_statue_intersection, nrook_mini_vaults,
          minmay_misc_feat_columns, kennysheep_pointless_box, minmay_between
D:4:      layout_basic, gup_sewer_entry_glass, gammafunk_ghost_grave,
          kennysheep_generic_room_11, uniq_ijyb

Notes
Turn   | Place    | Note
-------+----------+-------------------------------------------
     0 | D:1      | Jackthecabe the Vine Stalker Brigand began the quest for
                  | the Orb.
     0 | D:1      | Reached XP level 1. HP: 11/11 MP: 2/2
   178 | D:1      | Reached skill level 2 in Fighting
   178 | D:1      | Reached skill level 5 in Stealth
   179 | D:1      | Reached skill level 2 in Short Blades
   179 | D:1      | Reached XP level 2. HP: 7/15 MP: 0/3
   613 | D:1      | Reached XP level 3. HP: 18/18 MP: 4/4
  1248 | D:2      | Found a runed translucent door.
  1249 | D:2      | Noticed Crazy Yiuf
  1398 | D:2      | You fall into a shaft and drop 1 floor!
  1780 | D:3      | Found a shadowy altar of Dithmenos.
  1884 | D:3      | Gained mutation: Your natural rate of healing is unusually
                  | fast. [Vine Stalker growth]
  1884 | D:3      | Reached XP level 4. HP: 23/23 MP: 5/5
  2022 | D:3      | Found a blossoming altar of Fedhas.
  2297 | D:4      | Noticed a scorpion
  2343 | D:4      | HP: 1/23 [scorpion (2)]
  2344 | D:4      | Slain by a scorpion

Vanquished Creatures
  A hound (D:3)
  2 adders (D:3)
  2 dart slugs
  An orc (D:3)
  6 endoplasms
  2 giant cockroaches (D:3)
  5 goblins
  5 hobgoblins
  7 jackals
  5 kobolds
  2 quokkas
  6 ball pythons
  4 bats (D:1)
  3 frilled lizards
  6 rats
57 creatures vanquished.

Table legend: (Time is in decaauts)
 A = Elapsed time spent in this place.
 B = Non-inter-level travel time spent in this place.
 C = Inter-level travel time spent in this place.
 D = Time resting spent in this place.
 E = Time spent auto-exploring this place.
 F = Levels seen in this place.
 G = Mean time per level.
                   A        B        C        D        E       F      G
               +--------+--------+--------+--------+--------+-----+--------+
         Total |   2319 |   2268 |     51 |    100 |   1623 |   4 |  579.8 |
       Dungeon |   2319 |   2268 |     51 |    100 |   1623 |   4 |  579.8 |
               +--------+--------+--------+--------+--------+-----+--------+

Top non-repeatable levels by time:
     D:2: 853 daAuts
     D:1: 780 daAuts
     D:3: 639 daAuts
     D:4: 45 daAuts

Table legend:
 A = Non-vault XP
 B = Vault XP
 C = Vault XP percentage of total XP
 D = Non-vault monster count
 E = Vault monster count
 F = Vault count percentage of total count
                 A         B        C        D         E       F
            +---------+---------+-------+---------+---------+-------
      Total |     158 |       2 |   1.2 |      55 |       2 |   3.5
            +---------+---------+-------+---------+---------+-------
        D:1 |      38 |       0 |   0.0 |      22 |       0 |   0.0
        D:2 |      21 |       0 |   0.0 |      10 |       0 |   0.0
        D:3 |      93 |       2 |   2.1 |      19 |       2 |   9.5
        D:4 |       6 |       0 |   0.0 |       4 |       0 |   0.0
            +---------+---------+-------+---------+---------+-------
